 Dungeon Crawl Stone Soup version 0.31-a0-995-g04711c9635 (webtiles) character file.

Game seed: 12233800046601644493

76 BinkBink the Ducker (level 4, -1/29 HPs)
             Began as a Tengu Monk on Nov 6, 2023.
             Succumbed to Ijyb's poison
             ... on level 3 of the Dungeon.
             The game lasted 00:01:31 (1828 turns).

BinkBink the Ducker (Tengu Monk)                    Turns: 1828, Time: 00:01:32

Health: -1/29      AC:  3    Str: 12    XL:     4   Next: 32%
Magic:  5/5        EV: 14    Int: 10    God:
Gold:   76         SH:  0    Dex: 18    Spells: 3/3 levels left

rFire   . . .        a - +0 falchion
rCold   . . .        d - orb {light}
rNeg    . . .        b - +0 robe
rPois   .            (helmet restricted)
rElec   .            (no cloak)
rCorr   .            r - +0 pair of gloves
SInv    .            (boots unavailable)
Will    .....        m - amulet of regeneration
Stlth   +            (no ring)
HPRegen 1.04/turn    (no ring)
MPRegen 0.09/turn

%: acrobat
@: lethally poisoned (-1 -> -18), glowing, invisible (but backlit and visible)
A: beak, talons 3, acrobatic
a: no special abilities


You were on level 3 of the Dungeon.
You visited 1 branch of the dungeon, and saw 3 of its levels.

You collected 76 gold pieces.

Inventory:

Hand Weapons
 a - a +0 falchion (weapon)
Armour
 b - a +0 robe (worn)
 d - an orb of light (worn)
 r - a +0 pair of gloves (worn)
Jewellery
 m - an amulet of regeneration (around neck)
Scrolls
 e - 3 scrolls of teleportation {unknown}
 f - 3 scrolls of enchant weapon {unknown}
 i - 3 scrolls of identify {unknown}
 j - a scroll of vulnerability {unknown}
 k - 4 scrolls of immolation {unknown}
 l - a scroll of revelation {unknown}
 p - a scroll of butterflies {unknown}
Potions
 c - a potion of ambrosia
 g - a potion of brilliance {unknown}
 h - a potion of invisibility
 n - a potion of might {unknown}
 o - 2 potions of resistance {unknown}
 q - a potion of heal wounds {unknown}


   Skills:
 + Level 3.8 Fighting
 + Level 4.1 Long Blades
 + Level 4.1 Dodging


You had 3 spell levels left.
You didn't know any spells.
Your spell library contained the following spells:

 Spells                   Type           Power      Damage    Failure   Level
 Necrotise                Necr           0%         1d4       36%         1
 Sting                    Tmut/Pois      0%         1d3       36%         1
 Poisonous Vapours        Pois/Air       0%         N/A       50%         2
 Vampiric Draining        Necr           0%         2d6       75%         3
 Olgreb's Toxic Radiance  Pois           0%         N/A       98%         4
 Agony                    Necr           0%         N/A       100%        5


Dungeon Overview and Level Annotations

Branches:
Dungeon (3/15)

Altars:

Annotations:
D:3 Ijyb


Innate Abilities, Weirdness & Mutations

You have a beak for a mouth.
You have claws for feet.
You can magically evade attacks while moving or waiting.


Message History

You hit Ijyb but do no damage. You claw Ijyb, but do no damage.
Ijyb hits you with a +2 dagger of venom.
You are poisoned.
You hit Ijyb but do no damage. You claw Ijyb, but do no damage. You peck Ijyb.
Ijyb is lightly wounded.
You feel very sick.
Ijyb zaps a wand.
You suddenly lose the ability to move!
You feel sick.
Ijyb hits you with a +2 dagger of venom.
You are more poisoned.
You can move again.
You hit Ijyb. Your kick misses Ijyb.
Ijyb is lightly wounded.
You feel very sick.
Ijyb hits you with a +2 dagger of venom.
You hit Ijyb. You peck Ijyb.
Ijyb is lightly wounded.
You feel very sick. Ijyb barely misses you. x2
You are too injured to fight recklessly!
You are too injured to fight recklessly!
You are too injured to fight recklessly!
Unknown command.
You are too injured to fight recklessly!
You barely miss Ijyb. Your kick misses Ijyb. You peck Ijyb, but do no damage.
Ijyb is lightly wounded.
You feel sick.
Ijyb hits you with a +2 dagger of venom.
You are more poisoned.
You hit Ijyb but do no damage. You claw Ijyb, but do no damage.
You peck Ijyb, but do no damage.
Ijyb is lightly wounded.
* * * LOW HITPOINT WARNING * * *
You feel very sick.
Ijyb hits you with a +2 dagger of venom.
* * * LOW HITPOINT WARNING * * *
You are more poisoned.
It was a potion of invisibility.
You become transparent, but the glow from your halo prevents you from becoming completely invisible.
You die...

......<..........##...#
#..###.#.........##..#
#.##.............#
#...##......#....#
###.....###...##..
#####..# #### .## ##.##
.# #$.## .. ......#.@#
#####....g..# #...>...#
#.......# #.......#
#########


You could see Ijyb.

Vanquished Creatures
  3 adders
  A worm (D:2)
  3 dart slugs
  3 bats
  3 endoplasms
  2 giant cockroaches (D:2)
  2 goblins (D:3)
  2 hobgoblins (D:2)
  3 jackals (D:2)
  5 quokkas (D:2)
  3 ball pythons (D:2)
  2 frilled lizards
  3 kobolds (D:2)
  3 rats
38 creatures vanquished.

Notes
Turn   | Place    | Note
-------+----------+-------------------------------------------
     0 | D:1      | BinkBink the Tengu Monk began the quest for the Orb.
     0 | D:1      | Reached XP level 1. HP: 14/14 MP: 2/2
   327 | D:1      | Reached XP level 2. HP: 19/19 MP: 3/3
   857 | D:1      | Found a faded altar of an unknown god.
   966 | D:2      | Reached XP level 3. HP: 22/23 MP: 4/4
  1327 | D:2      | Identified the +2 robe of Fanaticism {rPois rCorr Dex-3
                  | Stlth-}
  1351 | D:2      | Reached XP level 4. HP: 27/29 MP: 5/5
  1817 | D:3      | Noticed Ijyb
  1822 | D:3      | Paralysed by Ijyb for 2 turns
  1828 | D:3      | Succumbed to Ijyb's poison

Illustrated notes

Levels and vault maps discovered:
D:1:      lightli_molten_gateway, layout_basic,
          shapermc_ecumenical_altar_hornbeckon, corner_web_ring,
          corexii_corridor_pit, chequers_serial_rivers_room_b
D:2:      kennysheep_big_flooded_room, layout_basic, minivault_25,
          nicolae_eternal_life
D:3:      minmay_chambers_of_threes, layout_rooms, uniq_jessica, uniq_ijyb

Skill      XL: |  1  2  3 |
---------------+----------+-----
Dodging        | 4 |  4.1
Long Blades    | 4 |  4.1
Fighting       | |  3.8

Action                     |  1- 3 |  4- 6 || total
---------------------------+-------+-------++-------
  Melee: Falchion          |    52 |    21 ||    73
         Peck              |    13 |     7 ||    20
         Kick              |    11 |     8 ||    19
    Use: Potion            |       |     1 ||     1
 Armour: Robe              |    16 |    10 ||    26
  Dodge: Dodged            |    38 |    17 ||    55

Table legend: (Time is in decaauts)
 A = Elapsed time spent in this place.
 B = Non-inter-level travel time spent in this place.
 C = Inter-level travel time spent in this place.
 D = Time resting spent in this place.
 E = Time spent auto-exploring this place.
 F = Levels seen in this place.
 G = Mean time per level.
                   A        B        C        D        E       F      G
               +--------+--------+--------+--------+--------+-----+--------+
         Total |   1843 |   1720 |    123 |      0 |   1481 |   3 |  614.3 |
       Dungeon |   1843 |   1720 |    123 |      0 |   1481 |   3 |  614.3 |
               +--------+--------+--------+--------+--------+-----+--------+

Top non-repeatable levels by time:
     D:1: 927 daAuts
     D:2: 819 daAuts
     D:3: 96 daAuts
